 Dungeon Crawl Stone Soup version 0.27.0-1-g7a089689b8 (webtiles) character file.

Game seed: 9426219259795941037

117 Leeroy the Slasher (level 5, -1/38 HPs)
             Began as a Djinni Warper on Aug 6, 2021.
             Slain by a gnoll (4 damage)
             ... on level 4 of the Dungeon.
             The game lasted 00:06:33 (2819 turns).

Leeroy the Slasher (Djinni Warper)                  Turns: 2819, Time: 00:06:33

Health: -1/38      AC:  6    Str: 10    XL:     5   Next: 22%
Gold:   135        EV: 10    Int: 15    God:
                   SH:  0    Dex: 13

rFire    + + .     SeeInvis .   a - +0 falchion
rCold    x . .     Faith    .   (no shield)
rNeg     . . .     Spirit   .   f - +0 ring mail
rPois    ∞         Reflect  .   (no helmet)
rElec    .         Harm     .   g - +0 cloak
rCorr    .         Rampage  .   (no gloves)
Will     .....                  (boots unavailable)
Stlth    +.........             (no amulet)
HPRegen  0.12/turn              (no ring)
MPRegen  0.00/turn              (no ring)

@: flying
A: sickness immunity, fire resistance 2, cold vulnerability 1, float, innate
caster, hp casting, extra vitality 1
a: no special abilities


You were on level 4 of the Dungeon.
You visited 1 branch of the dungeon, and saw 4 of its levels.

You collected 135 gold pieces.

Inventory:

Hand Weapons
 a - a +0 falchion (weapon)
Missiles
 d - 5 boomerangs of dispersal (quivered)
 n - 47 stones
Armour
 b - a +0 leather armour
 f - a +0 ring mail (worn)
 g - a +0 cloak (worn)
Wands
 h - a wand of flame (20)
Scrolls
 c - a scroll of blinking
 e - a scroll of identify {unknown}
 i - a scroll of torment {unknown}
 k - a scroll of enchant armour {unknown}
 l - a scroll of fog {unknown}
Potions
 j - a potion of mutation {unknown}
 m - a potion of heal wounds {unknown}


   Skills:
 - Level 2.0 Fighting
 + Level 4.5 Long Blades
 - Level 0.7 Throwing
 - Level 1.0 Armour
 - Level 2.1 Dodging
 - Level 2.4 Spellcasting


You couldn't memorise any spells.
You knew the following spells:

 Your Spells              Type           Power      Damage    Failure   Level
a - Blink                 Tloc           N/A        N/A       30%         2
b - Lesser Beckoning      Tloc           4%         N/A       52%         3
c - Gell's Gravitas       Tloc           4%         N/A       52%         3
d - Teleport Other        Tloc           9%         N/A       52%         3
e - Manifold Assault      Tloc           9%         N/A       99%         5
f - Sandblast             Erth           18%        2d7       21%         1
g - Corpse Rot            Necr/Air       N/A        N/A       30%         2
Your spell library was empty.

Dungeon Overview and Level Annotations

Branches:
Dungeon (4/15)
 Temple: D:4-7

Altars:

Annotations:
D:4 Pikel


Innate Abilities, Weirdness & Mutations

You are immune to sickness and miasma.
You are immune to poison.
Your flesh is very heat resistant. (rF++)
You are vulnerable to cold. (rC-)
You float through the air rather than walking.
You learn spells naturally, not from books.
Your magical power is your life essence.
You have superior vitality. (+4 HP)


Message History

* * * LOW HITPOINT WARNING * * *
The goblin hits you but does no damage. The gnoll closely misses you.
Found a stone staircase leading down.
An adder comes into view.
The adder hisses angrily.
You hear a shout! x3
There is a stone staircase leading down here.
The goblin barely misses you.
You riposte.
You hit the goblin.
The goblin is heavily wounded.
You fly downwards. 2 gnolls come into view.
The gnoll shouts! x2; You hear a shout!
Found a hunting sling and 4 gold pieces.
There is a stone staircase leading up here.
A gnoll comes into view. It is wielding a +0 whip.
The gnoll shouts!
You hit the goblin.
You kill the goblin!
A lemure comes into view.
The lemure shouts!
You hear a shout! x2
Pikel the Slaver comes into view.
He is wielding a +0 whip of freezing and carrying a wand of flame (15).
A lemure comes into view.
The lemure shouts!
You hear a shout!
A hobgoblin comes into view.
A lemure comes into view.
The lemure hits you.
* * * LOW HITPOINT WARNING * * *
Found a stone staircase leading down.
Pikel cracks his whip.
Pikel zaps a wand.
The puff of flame hits you but does no damage.
You resist. The hobgoblin hits you.
* * * LOW HITPOINT WARNING * * *
The hobgoblin hits you but does no damage.
The lemure hits you but does no damage. The hobgoblin hits you.
* * * LOW HITPOINT WARNING * * *
Pikel says, "Hell isn't that bad."
The hobgoblin hits you but does no damage.
The gnoll hits you from afar with a +0 spear.
You die...

#....# #....# #....#
#....# ##
#######....# #.
...........+ .
...........#.#
............#.#
#.......@gK...# #
#.######..g5###5#
#......####5g5..#
#.........#..######
##....)#g##.g......
#.....#g##..######
#..g<.#.##..#
#.....#.##..#
.........#.##..###..


You could see Pikel, 3 lemures, 2 gnolls and a hobgoblin.

Vanquished Creatures
  Jessica (D:2)
  3 adders (D:2)
  A gnoll (D:3)
  A worm (D:2)
  3 endoplasms (D:1)
  3 giant cockroaches
  6 hobgoblins
  8 kobolds
  2 quokkas (D:1)
  5 ball pythons
  8 bats
  3 frilled lizards
  3 goblins
  9 rats
56 creatures vanquished.

Notes
Turn   | Place    | Note
-------+----------+-------------------------------------------
     0 | D:1      | Leeroy the Djinni Warper began the quest for the Orb.
     0 | D:1      | Reached XP level 1. HP: 18/18 MP: 0/0
    53 | D:1      | Reached skill level 2 in Long Blades
    88 | D:1      | Reached XP level 2. HP: 23/23 MP: 0/0
   527 | D:1      | Reached XP level 3. HP: 27/28 MP: 0/0
   527 | D:1      | Learned a level 1 spell: Sandblast
   544 | D:1      | Reached skill level 3 in Long Blades
  1073 | D:2      | Noticed Jessica
  1078 | D:2      | Killed Jessica
  1079 | D:2      | Reached XP level 4. HP: 33/33 MP: 0/0
  1240 | D:2      | Reached skill level 4 in Long Blades
  1589 | D:2      | HP: 1/33 [adder (3)]
  2252 | D:2      | Reached XP level 5. HP: 10/38 MP: 0/0
  2252 | D:2      | Learned a level 2 spell: Corpse Rot
  2812 | D:4      | Noticed a lemure
  2812 | D:4      | Noticed Pikel
  2812 | D:4      | Noticed a lemure
  2814 | D:4      | Noticed a lemure
  2819 | D:4      | Slain by a gnoll

Illustrated notes

Levels and vault maps discovered:
D:1:      dpeg_arrival_court, layout_basic
D:2:      minmay_inner_zag, layout_loops_cross, serial_glass, glass_columns_a,
          glass_columns_a, glass_columns_c, glass_columns_a, minivault_26,
          uniq_jessica
D:3:      layout_rooms, lemuel_doored_altar,
          mainiacjoe_overflow_large_starburst, corexii_shack
D:4:      layout_basic, temple_hall, uniq_pikel

Skill      XL: |  1  2  3  4 |
---------------+-------------+-----
Long Blades    | 2 3 4 |  4.5
Fighting       | |  2.0
Throwing       | |  0.7
Armour         | |  1.0
Dodging        | |  2.1
Spellcasting   | |  2.4

Action                   |  1- 3 |  4- 6 || total
-------------------------+-------+-------++-------
Melee: Falchion          |    85 |   114 ||   199
 Cast: Blink             |       |     1 ||     1
       Corpse Rot        |       |     2 ||     2
  Use: Scroll            |       |     1 ||     1
       Potion            |       |     1 ||     1
Armor: Leather armour    |    13 |       ||    13
       Ring mail         |    29 |    77 ||   106
Dodge: Dodged            |    56 |    87 ||   143
       Rpst.: Falchion   |    16 |    28 ||    44
